 Dungeon Crawl Stone Soup version 0.21-a0-78-g82a99e0 (webtiles) character file.

1459 Rrauwl the Fighter (level 8, -3/94 HPs)
             Began as an Ogre Monk on June 22, 2017.
             Was a Believer of the Shining One.
             Slain by an iguana (9 damage)
             ... on level 5 of the Dungeon.
             The game lasted 00:17:23 (6118 turns).

Rrauwl the Fighter (Ogre Monk)                      Turns: 6118, Time: 00:17:24

Health: -3/94      AC:  4    Str: 16    XL:     8   Next: 76%
Magic:  7/8        EV: 12    Int: 11    God:    the Shining One [**....]
Gold:   221        SH:  6    Dex: 15    Spells: 7/7 levels left

rFire    . . .     SeeInvis +   a - +0 mace
rCold    . . .     Gourm    .   (no shield)
rNeg     + . .     Faith    .   b - +1 robe
rPois    .         Spirit   .   (helmet restricted)
rElec    .         Reflect  .   (no cloak)
rCorr    .         Harm     .   (gloves unavailable)
MR       .....                  (boots unavailable)
Stlth    +.........             (no amulet)
HPRegen  0.25/turn              g - +1 ring of evasion
MPRegen  0.11/turn              f - ring of see invisible

@: divine shield, glowing
A: unfitting armour, agile 1, tough skin 1
a: Divine Shield, Renounce Religion


You were on level 5 of the Dungeon.
You worshipped the Shining One.
The Shining One was pleased with you.
You were not hungry.

You visited 2 branches of the dungeon, and saw 7 of its levels.

You collected 221 gold pieces.

Inventory:

Hand Weapons
 a - a +0 mace (weapon)
 q - a +0 giant spiked club
Armour
 b - a +1 robe (worn)
Jewellery
 f - a ring of see invisible (right hand)
 g - a +1 ring of evasion (left hand)
Wands
 e - a wand of flame (27/48)
 j - a wand of flame (1/48)
Scrolls
 d - 2 scrolls of amnesia
 h - a scroll of fog
 k - 2 scrolls of enchant armour
 l - 5 scrolls of identify
 m - 2 scrolls of recharging
 n - a scroll of teleportation
 o - a scroll of fear
Potions
 p - a potion of curing
Comestibles
 c - 2 chunks of flesh


   Skills:
 + Level 10.5 Fighting
 + Level 7.1 Maces & Flails
 - Level 3.0 Dodging
 - Level 1.4 Stealth


You had 7 spell levels left.
You didn't know any spells.

Dungeon Overview and Level Annotations

Branches:
Dungeon (6/15)             Temple (1/1) D:5

Altars:
Ashenzari
Dithmenos
Kikubaaqudgha
Nemelex Xobeh
Ru
Sif Muna
Wu Jian
Yredelemnul
The Shining One


Innate Abilities, Weirdness & Mutations

You are too large for most types of armour.
You have tough skin. (AC +1)
You are agile. (Dex +2)


Message History

The iguana closely misses you.
The orc warrior hits you from afar with a glaive!
* * * LOW HITPOINT WARNING * * *
The iguana bites you.
* * * LOW HITPOINT WARNING * * *
The iguana closely misses you.
Evoke which item? (* to show all) (? for menu, Esc to quit)
Aiming: Throw Flame (will waste charges)
Press: ? - help, Shift-Dir - straight line, f - iguana
Aim: an iguana (haloed)
The puff of flame hits the iguana.
The iguana is moderately wounded.
Evoking this partially-identified wand wasted a few charges.
The iguana bites you!
* * * LOW HITPOINT WARNING * * *
The orc warrior misses you.
You hit the iguana.
The iguana is moderately wounded.
The iguana bites you!
You die...

############)... ######
#..........#)### .....#
#..........#.# .###.#
#..........#.# .# #.##
#..........#.### .# #..#
#####.........#. .#
#..################...........
.###.................#.#########.
....>.........ol@......#.......#.
####)[#.############.#.#.......#.
#...................#.......#.
##<#.##.#########.#....._.....
#.#..............#.#.......#. #
#......#########...#.....=.#.
#####.#.##.##### #...#W......#.
........[......## #.#.####.####.
....#.[.##.#....# #.#..........[


You could see an orc warrior and an iguana.

Vanquished Creatures
  The ghost of ciphuk the Cutter, an amateur KoBe of Trog (D:4)
  Eustachio (D:5)
  An ice beast (D:5)
  A phantom (D:5)
  An ogre (D:5)
  A necrophage (D:5)
  A howler monkey (D:5)
  2 electric eels (D:3)
  2 crimson imps
  4 hounds
  2 orc priests
  2 jellies (D:5)
  4 orc wizards (D:5)
  An iguana (D:5)
  Natasha (twice) (D:2)
  A worker ant (D:5)
  6 adders
  A shadow imp (D:5)
  2 oozes (D:3)
  An adder skeleton (D:5)
  2 worms (D:3)
  6 leopard geckos
  8 orcs
  2 ball pythons
  3 giant cockroaches
  7 goblins
  9 hobgoblins
  6 jackals
  2 quokkas (D:5)
  6 bats
  6 frilled lizards
  6 kobolds
  A leopard gecko zombie (D:5)
  6 rats
107 creatures vanquished.

Notes
Turn   | Place    | Note
-------+----------+-------------------------------------------
     0 | D:1      | Rrauwl the Ogre Monk began the quest for the Orb.
     0 | D:1      | Reached XP level 1. HP: 24/24 MP: 1/1
   139 | D:1      | Reached XP level 2. HP: 26/32 MP: 2/2
   645 | D:1      | Reached XP level 3. HP: 39/40 MP: 3/3
   988 | D:2      | Noticed Natasha
  1023 | D:2      | Killed Natasha
  1023 | D:2      | Reached skill level 5 in Fighting
  1023 | D:2      | Reached XP level 4. HP: 35/50 MP: 4/4
  1034 | D:2      | Found an ornate altar of the Wu Jian Council.
  1188 | D:2      | Noticed Natasha
  1195 | D:2      | Killed Natasha
  1323 | D:2      | Found an ancient bone altar of Kikubaaqudgha.
  1618 | D:3      | Reached XP level 5. HP: 38/59 MP: 5/5
  1624 | D:3      | Reached skill level 6 in Fighting
  1938 | D:3      | Found a transporter.
  2115 | D:3      | Found a transporter.
  2387 | D:3      | Gained mutation: You are dopey. (Int -2) [potion of mutation]
  2387 | D:3      | Lost mutation: You are dopey. (Int -2) [potion of mutation]
  2387 | D:3      | Gained mutation: You are agile. (Dex +2) [potion of mutation]
  2526 | D:3      | Reached XP level 6. HP: 68/68 MP: 6/6
  2529 | D:3      | Reached skill level 7 in Fighting
  2656 | D:4      | Found a sacrificial altar of Ru.
  3067 | D:4      | Noticed ciphuk's ghost (amateur KoBe)
  3115 | D:4      | Killed ciphuk's ghost
  3115 | D:4      | Reached skill level 8 in Fighting
  3115 | D:4      | Reached skill level 5 in Maces & Flails
  3115 | D:4      | Reached XP level 7. HP: 30/80 MP: 7/7
  3481 | D:4      | Found a basalt altar of Yredelemnul.
  3585 | D:5      | Entered Level 5 of the Dungeon
  3658 | D:5      | Noticed Eustachio
  3731 | D:5      | Found a shadowy altar of Dithmenos.
  4091 | D:5      | Found a staircase to the Ecumenical Temple.
  4104 | D:5      | HP: 3/81 [orc wizard/magic dart (4)]
  4107 | D:5      | Reached skill level 9 in Fighting
  4111 | Temple   | Entered the Ecumenical Temple
  4456 | Temple   | Became a worshipper of the Shining One
  4456 | Temple   | Reached * piety under the Shining One
  4456 | Temple   | Reached ** piety under the Shining One
  4496 | D:5      | Reached XP level 8. HP: 36/92 MP: 8/8
  5315 | D:5      | Reached skill level 10 in Fighting
  5340 | D:5      | HP: 2/93 [Eustachio/quarterstaff (12)]
  5342 | D:5      | Killed Eustachio
  5346 | D:5      | HP: 4/93 [ice beast (7)]
  6118 | D:5      | Slain by an iguana

Vault maps used:
D:1:      scummos_arrival_forest, corexii_corridor_pit, glass_columns_b
D:2:      kiku_gazebo_garden_becter, nicolae_overflow_hidden_temple,
          first_bread, uniq_natasha
D:3:      gammafunk_steamed_eel, minmay_liquid_box
D:4:      hangedman_ru_absence, yredelemnul_altar_generic
D:5:      minmay_temple_entry_hall, lemuel_tele_altar, uniq_eustachio
Temple:   chequers_temple_sunken

Skill      XL: |  1  2  3  4  5  6  7  8 |
---------------+-------------------------+-----
Dodging        | 3 |  3.0
Maces & Flails | 3 4 5 6 7 |  7.1
Fighting       | 5 6 8 9 10 | 10.5
Stealth        | |  1.4

Action                   |  1- 3 |  4- 6 |  7- 9 || total
-------------------------+-------+-------+-------++-------
Melee: Mace              |    89 |   246 |   253 ||   588
Invok: Divine Shield     |       |       |     2 ||     2
Evoke: Wand              |       |     7 |     3 ||    10
  Use: Potion            |     3 |     6 |     7 ||    16
       Scroll            |       |     9 |     1 ||    10
 Stab: Sleeping          |     1 |     3 |     1 ||     5
       Invisible         |       |     1 |       ||     1
  Eat: Chunk             |       |     7 |     3 ||    10
       Bread ration      |       |       |     2 ||     2
       Fruit             |       |       |     1 ||     1
Armor: Robe              |    30 |    69 |    55 ||   154
Dodge: Dodged            |    68 |   160 |   183 ||   411
Block: Other             |       |       |    10 ||    10
